MID
BURLINGTON BEES @ LANSING LUGNUTS
09/21/2044
 
TOP OF THE 1ST
Burlington Bees batting - Pitching for Lansing Lugnuts : RHP Omar Torres
Pitching: RHP Omar Torres
Batting: RHB Jonathan Ellis 0-0: Swinging Strike
0-1: Swinging Strike
0-2: Ball
1-2: Strikes out looking
Batting: LHB Rusty Ney 0-0: Ball
1-0: Foul Ball, location: 2F
1-1: Ball
2-1: Swinging Strike
2-2: Foul Ball, location: 2F
2-2: Foul Ball, location: 2F
2-2: Foul Ball, location: 2F
2-2: Strikes out swinging, 2-3 out at first.
Batting: RHB Luis Romero 0-0: Called Strike
0-1: Swinging Strike
0-2: Ball
1-2: Foul Ball, location: 2F
1-2: Strikes out swinging
Top of the 1st over - 0 runs, 0 hits, 0 errors, 0 left on base; Burlington 0 - Lansing 0
BOTTOM OF THE 1ST
Lansing Lugnuts batting - Pitching for Burlington Bees : LHP Curt Joseph
Pitching: LHP Curt Joseph
Batting: RHB Bryan Westray 0-0: Ball
1-0: Foul Ball, location: 2F
1-1: Ball
2-1: Ball
3-1: Foul Ball, location: 2F
3-2: Base on Balls
Batting: RHB Darren McCarty Jr. 0-0: Swinging Strike
0-1: Called Strike
Bryan Westray steals 2nd base
0-2: Ball
1-2: SINGLE (Flyball, 6D, EV 87.5 MPH)
Bryan Westray to third
Batting: LHB Cedric Saunders 0-0: Ball
1-0: Called Strike
Darren McCarty Jr. steals 2nd base (no throw)
1-1: Ball
2-1: Foul Ball, location: 2F
2-2: Ball
3-2: Strikes out looking
Batting: SHB Jose Garcia 0-0: Ball
1-0: Fly out, F8 (Line Drive, 8RD, EV 93.8 MPH)
Runner from 3rd tags up, SCORES, throw by CF
Batting: RHB Ivan Ramirez 0-0: Ball
1-0: Foul Ball, location: 2F
1-1: Ball
2-1: 2-RUN HOME RUN (Flyball, 9D, EV 98.1 MPH), Distance : 350 ft
Batting: RHB B.J. Worthy 0-0: Ball
1-0: Foul Ball, location: 2F
1-1: Swinging Strike
1-2: Foul Ball, location: 2F
1-2: Foul Ball, location: 2F
1-2: Fly out, F8 (Flyball, 8RD, EV 104.4 MPH)
Bottom of the 1st over - 3 runs, 2 hits, 0 errors, 0 left on base; Burlington 0 - Lansing 3
TOP OF THE 2ND
Burlington Bees batting - Pitching for Lansing Lugnuts : RHP Omar Torres
Batting: LHB Bill Kirtley 0-0: Foul Ball, location: 2F
0-1: Ball
1-1: Swinging Strike
1-2: Foul Ball, location: 2F
1-2: Ball
2-2: Strikes out swinging
Batting: LHB Jorge Zermeno 0-0: Called Strike
0-1: Ball
1-1: Called Strike
1-2: Ball
2-2: Strikes out swinging
Batting: RHB Ryuji Ito 0-0: Ball
1-0: Ball
2-0: Ball
3-0: Base on Balls
Batting: RHB Ryan Munro 0-0: Fly out, F7 (Flyball, 78S, EV 95.6 MPH)
Top of the 2nd over - 0 runs, 0 hits, 0 errors, 1 left on base; Burlington 0 - Lansing 3
BOTTOM OF THE 2ND
Lansing Lugnuts batting - Pitching for Burlington Bees : LHP Curt Joseph
Batting: RHB Corey Davis 0-0: Foul Ball, location: 2F
0-1: Foul Ball, location: 2F
0-2: Fly out, F5 (Popup, 5SF, EV 72.5 MPH)
Batting: RHB Luis Reyes 0-0: Ball
1-0: Fly out, F8 (Line Drive, 8LD, EV 98.1 MPH)
Batting: LHB Dan Martinez 0-0: Ball
1-0: Swinging Strike
1-1: Called Strike
1-2: Foul Ball, location: 2F
1-2: Fly out, F8 (Flyball, 78M, EV 93.1 MPH)
Bottom of the 2nd over - 0 runs, 0 hits, 0 errors, 0 left on base; Burlington 0 - Lansing 3
TOP OF THE 3RD
Burlington Bees batting - Pitching for Lansing Lugnuts : RHP Omar Torres
Batting: RHB Andy White 0-0: Called Strike
0-1: Ball
1-1: Called Strike
1-2: Foul Ball, location: 2F
1-2: Ball
2-2: Strikes out looking
Batting: RHB Ben Herman 0-0: Called Strike
0-1: Foul Ball, location: 2F
0-2: Foul Ball, location: 2F
0-2: Strikes out looking
Batting: RHB Jonathan Ellis 0-0: Foul Ball, location: 2F
0-1: Ball
1-1: Ball
2-1: Called Strike
2-2: Ball
3-2: Foul Ball, location: 2F
3-2: Ground out 5-3 (Groundball, 56, EV 80.6 MPH)
Top of the 3rd over - 0 runs, 0 hits, 0 errors, 0 left on base; Burlington 0 - Lansing 3
BOTTOM OF THE 3RD
Lansing Lugnuts batting - Pitching for Burlington Bees : LHP Curt Joseph
Batting: RHB Bryan Westray 0-0: Called Strike
0-1: Ball
1-1: Called Strike
1-2: Foul Ball, location: 2F
1-2: Foul Ball, location: 2F
1-2: Ground out 6-3 (Groundball, 6, EV 80.0 MPH)
Batting: RHB Darren McCarty Jr. 0-0: Ball
1-0: Called Strike
1-1: Ball
2-1: Foul Ball, location: 2F
2-2: Foul Ball, location: 2F
2-2: Ball
3-2: Foul Ball, location: 2F
3-2: Fly out, F4 (Popup, 4, EV 54.4 MPH)
Batting: LHB Cedric Saunders 0-0: Swinging Strike
0-1: Ball
1-1: Foul Ball, location: 2F
1-2: Strikes out swinging
Bottom of the 3rd over - 0 runs, 0 hits, 0 errors, 0 left on base; Burlington 0 - Lansing 3
TOP OF THE 4TH
Burlington Bees batting - Pitching for Lansing Lugnuts : RHP Omar Torres
Batting: LHB Rusty Ney 0-0: Ball
1-0: Ball
2-0: Ball
3-0: Called Strike
3-1: Swinging Strike
3-2: Strikes out swinging
Batting: RHB Luis Romero 0-0: Called Strike
0-1: Called Strike
0-2: Foul Ball, location: 2F
0-2: Ball
1-2: Ball
2-2: Ball
3-2: Strikes out looking
Batting: LHB Bill Kirtley 0-0: Called Strike
0-1: Ball
1-1: Foul Ball, location: 2F
1-2: Strikes out looking
Top of the 4th over - 0 runs, 0 hits, 0 errors, 0 left on base; Burlington 0 - Lansing 3
BOTTOM OF THE 4TH
Lansing Lugnuts batting - Pitching for Burlington Bees : LHP Curt Joseph
Batting: SHB Jose Garcia 0-0: Ball
1-0: Called Strike
1-1: Foul Ball, location: 2F
1-2: Foul Ball, location: 2F
1-2: Strikes out looking
Batting: RHB Ivan Ramirez 0-0: Ball
1-0: Ball
2-0: Fly out, F8 (Flyball, 8RM, EV 76.9 MPH)
Batting: RHB B.J. Worthy 0-0: Ball
1-0: Ball
2-0: Fly out, F7 (Flyball, 78M, EV 86.3 MPH)
Bottom of the 4th over - 0 runs, 0 hits, 0 errors, 0 left on base; Burlington 0 - Lansing 3
TOP OF THE 5TH
Burlington Bees batting - Pitching for Lansing Lugnuts : RHP Omar Torres
Batting: LHB Jorge Zermeno 0-0: Called Strike
0-1: Ball
1-1: Foul Ball, location: 2F
1-2: Strikes out looking
Batting: RHB Ryuji Ito 0-0: Ball
1-0: Called Strike
1-1: Foul Ball, location: 2F
1-2: Strikes out looking
Batting: RHB Ryan Munro 0-0: Ball
1-0: Ball
2-0: Called Strike
2-1: Fly out, F8 (Flyball, 78XD, EV 99.4 MPH)
Top of the 5th over - 0 runs, 0 hits, 0 errors, 0 left on base; Burlington 0 - Lansing 3
BOTTOM OF THE 5TH
Lansing Lugnuts batting - Pitching for Burlington Bees : LHP Curt Joseph
Batting: RHB Corey Davis 0-0: Ball
1-0: Ball
2-0: Fly out, F4 (Popup, 4S, EV 71.3 MPH)
Batting: RHB Luis Reyes 0-0: SINGLE (Flyball, 89S, EV 97.5 MPH)
Batting: LHB Dan Martinez Balk!
Luis Reyes to second
0-0: Called Strike
0-1: Ball
1-1: 2-RUN HOME RUN (Flyball, 89XD, EV 101.9 MPH), Distance : 382 ft
Pitching: RHP Craig Murphy
Batting: RHB Bryan Westray 0-0: Foul Ball, location: 2F
0-1: SINGLE (Groundball, 25, EV 60.6 MPH) (infield hit)
Batting: RHB Darren McCarty Jr. 0-0: Called Strike
Bryan Westray steals 2nd base
0-1: Ball
1-1: Foul Ball, location: 2F
1-2: Ball
2-2: Ground out 6-3 (Groundball, 6S, EV 70.6 MPH)
Bryan Westray to third
Batting: LHB Cedric Saunders 0-0: Ball
1-0: Ball
2-0: Foul Ball, location: 2F
2-1: Ball
3-1: Swinging Strike
3-2: Ground out 5-3 (Groundball, 56, EV 86.9 MPH)
Bottom of the 5th over - 2 runs, 3 hits, 0 errors, 1 left on base; Burlington 0 - Lansing 5
TOP OF THE 6TH
Burlington Bees batting - Pitching for Lansing Lugnuts : RHP Omar Torres
Batting: RHB Andy White 0-0: Foul Ball, location: 2F
0-1: Ball
1-1: Foul Ball, location: 2F
1-2: Ball
2-2: Ball
3-2: Foul Ball, location: 2F
3-2: Ground out 5-3 (Groundball, 56, EV 100.6 MPH)
Batting: RHB Ben Herman 0-0: Ball
1-0: Called Strike
1-1: Ball
2-1: Called Strike
2-2: Ball
3-2: Foul Ball, location: 2F
3-2: Foul Ball, location: 2F
3-2: Strikes out swinging
Batting: RHB Jonathan Ellis 0-0: Called Strike
0-1: Ball
1-1: Ball
2-1: Foul Ball, location: 2F
2-2: DOUBLE (Line Drive, 3D, EV 99.4 MPH)
Batting: LHB Rusty Ney 0-0: Ball
1-0: Called Strike
1-1: Ball
2-1: Swinging Strike
2-2: Foul Ball, location: 2F
2-2: Strikes out looking
Top of the 6th over - 0 runs, 1 hit, 0 errors, 1 left on base; Burlington 0 - Lansing 5
BOTTOM OF THE 6TH
Lansing Lugnuts batting - Pitching for Burlington Bees : RHP Craig Murphy
Batting: SHB Jose Garcia 0-0: Fly out, F9 (Flyball, 9S, EV 84.4 MPH)
Batting: RHB Ivan Ramirez 0-0: Ball
1-0: Called Strike
1-1: Ball
2-1: Ball
3-1: Base on Balls
Batting: RHB B.J. Worthy 0-0: Ball
1-0: Ball
Ivan Ramirez is caught stealing 2nd base 2-4
2-0: SINGLE (Groundball, 56D, EV 98.1 MPH)
Batting: RHB Corey Davis 0-0: Ball
1-0: SINGLE (Groundball, 56D, EV 104.4 MPH)
B.J. Worthy to second
Batting: RHB Luis Reyes 0-0: Ball
1-0: Fly out, F4 (Popup, 4MD, EV 63.8 MPH)
Bottom of the 6th over - 0 runs, 2 hits, 0 errors, 2 left on base; Burlington 0 - Lansing 5
TOP OF THE 7TH
Burlington Bees batting - Pitching for Lansing Lugnuts : RHP Omar Torres
Pitching: RHP Mike Merriman
Batting: RHB Luis Romero 0-0: Swinging Strike
0-1: Ball
1-1: Fly out, F8 (Flyball, 8RM, EV 93.1 MPH)
Batting: LHB Bill Kirtley 0-0: Called Strike
0-1: Ball
1-1: Swinging Strike
1-2: Strikes out swinging
Batting: LHB Jorge Zermeno 0-0: Ball
1-0: Called Strike
1-1: DOUBLE (Flyball, 89D, EV 105.6 MPH)
Batting: RHB Ryuji Ito 0-0: Called Strike
0-1: Ball
1-1: Called Strike
1-2: Strikes out looking
Top of the 7th over - 0 runs, 1 hit, 0 errors, 1 left on base; Burlington 0 - Lansing 5
BOTTOM OF THE 7TH
Lansing Lugnuts batting - Pitching for Burlington Bees : RHP Craig Murphy
Batting: LHB Dan Martinez 0-0: Ground out 6-3 (Groundball, 6, EV 90.6 MPH)
Batting: RHB Bryan Westray 0-0: Ball
1-0: Ball
2-0: Ball
3-0: Called Strike
3-1: Base on Balls
Batting: RHB Darren McCarty Jr. 0-0: Called Strike
0-1: Called Strike
0-2: Ball
1-2: Strikes out swinging
Bryan Westray steals 2nd base
Batter strikes out.
Batting: LHB Cedric Saunders 0-0: Foul Ball, location: 2F
0-1: Ball
1-1: Ball
2-1: Swinging Strike
2-2: Foul Ball, location: 2F
2-2: Strikes out swinging
Bottom of the 7th over - 0 runs, 0 hits, 0 errors, 1 left on base; Burlington 0 - Lansing 5
TOP OF THE 8TH
Burlington Bees batting - Pitching for Lansing Lugnuts : RHP Mike Merriman
Batting: RHB Ryan Munro 0-0: Ball
1-0: Foul Ball, location: 2F
1-1: Swinging Strike
1-2: Ball
2-2: SINGLE (Line Drive, 8LS, EV 108.1 MPH)
Batting: RHB Andy White 0-0: Ball
1-0: Called Strike
1-1: Ball
2-1: Ball
3-1: Fly out, F4 (Popup, 34, EV 51.9 MPH)
Batting: RHB Ben Herman 0-0: Ball
1-0: Foul Ball, location: 2F
1-1: Called Strike
1-2: Ball
2-2: Strikes out swinging
Batting: RHB Jonathan Ellis 0-0: Ball
1-0: Called Strike
1-1: Foul Ball, location: 2F
1-2: Ball
2-2: Strikes out looking
Top of the 8th over - 0 runs, 1 hit, 0 errors, 1 left on base; Burlington 0 - Lansing 5
BOTTOM OF THE 8TH
Lansing Lugnuts batting - Pitching for Burlington Bees : RHP Craig Murphy
Batting: SHB Jose Garcia 0-0: SOLO HOME RUN (Flyball, 9D, EV 98.8 MPH), Distance : 359 ft
Batting: RHB Ivan Ramirez 0-0: Swinging Strike
0-1: Foul Ball, location: 2F
0-2: Ground out 1-3 (Groundball, 15S, EV 76.9 MPH)
Batting: RHB B.J. Worthy 0-0: Called Strike
0-1: Ball
1-1: Ground out 4-3 (Groundball, 4, EV 100.0 MPH)
Batting: RHB Corey Davis 0-0: Called Strike
0-1: Fly out, F8 (Flyball, 8LM, EV 88.8 MPH)
Bottom of the 8th over - 1 run, 1 hit, 0 errors, 0 left on base; Burlington 0 - Lansing 6
TOP OF THE 9TH
Burlington Bees batting - Pitching for Lansing Lugnuts : RHP Mike Merriman
Batting: LHB Rusty Ney 0-0: Ball
1-0: Foul Ball, location: 2F
1-1: Foul Ball, location: 2F
1-2: Foul Ball, location: 2F
1-2: Strikes out swinging
Pitching: RHP Hanskarl Miller
Batting: RHB Luis Romero 0-0: Swinging Strike
0-1: Ball
1-1: Swinging Strike
1-2: Strikes out looking
Batting: LHB Bill Kirtley 0-0: Ball
1-0: Fly out, F8 (Flyball, 78XD, EV 106.9 MPH)
Top of the 9th over - 0 runs, 0 hits, 0 errors, 0 left on base; Burlington 0 - Lansing 6
Thursday, March 31st , 2022 - OOTP Baseball 22.12 Build 89